 Dungeon Crawl Stone Soup version 0.25-a0-160-gd1d2e81aba (webtiles) character file.

Game seed: 3621939579927454748, levelgen mode: deterministic

203 MrRokkomies the Vexing (level 5, -21/35 HPs)
             Began as a Vampire Enchanter on Nov 21, 2019.
             Demolished by an ogre
             ... wielding a +0 giant club
              (30 damage)
             ... on level 4 of the Dungeon.
             The game lasted 00:09:56 (2803 turns).

MrRokkomies the Vexing (Vampire Enchanter)          Turns: 2803, Time: 00:09:56

Health: -21/35     AC:  5    Str:  7    XL:     5   Next: 51%
Magic:  3/8        EV: 10    Int: 18    God:
Gold:   123        SH:  0    Dex: 15    Spells: 2/8 levels left

rFire    . . .     SeeInvis +   a - +2 dagger
rCold    . . .     Gourm    .   (no shield)
rNeg     + . .     Faith    .   j - +0 ring mail
rPois    .         Spirit   .   (no helmet)
rElec    .         Reflect  .   (no cloak)
rCorr    .         Harm     .   (no gloves)
MR       .....                  (no boots)
Stlth    +++.......             (no amulet)
HPRegen  0.31/turn              k - ring of positive energy
MPRegen  0.11/turn              m - ring of flight

@: regenerating quickly
A: no food, fangs 3, see invisible, unbreathing
a: Exsanguinate, Evoke Flight


You were on level 4 of the Dungeon.
You were alive.

You visited 1 branch of the dungeon, and saw 4 of its levels.

You collected 123 gold pieces.

Inventory:

Hand Weapons
 a - a +2 dagger (weapon)
Armour
 j - a +0 ring mail (worn)
Jewellery
 k - a ring of positive energy (left hand)
 m - a ring of flight (right hand)
Scrolls
 b - 4 scrolls of remove curse {unknown}
 d - a scroll of magic mapping {unknown}
 e - 2 scrolls of identify {unknown}
 i - 2 scrolls of teleportation
 l - a scroll of enchant weapon
Potions
 c - 3 potions of heal wounds {unknown}
 g - 2 potions of haste {unknown}
 h - a potion of degeneration {unknown}
 n - a potion of cancellation {unknown}
 o - a potion of lignification {unknown}
 p - a potion of flight {unknown}
 q - a potion of invisibility {unknown}


   Skills:
 * Level 3.8 Short Blades
 - Level 2.1 Dodging
 + Level 5.8 Stealth
 - Level 2.0 Spellcasting
 * Level 6.7 Hexes


You had 2 spell levels left.
You knew the following spells:

 Your Spells              Type           Power        Failure   Level  Hunger
a - Corona                Hex            ####...      4%          1    N/A
b - Ensorcelled Hibernat  Hex/Ice        ##....       24%         2    N/A
c - Confuse               Hex            ####....     12%         3    N/A

Your spell library contained the following spells:

 Spells                   Type           Power        Failure   Level  Hunger
 Tukima's Dance           Hex            ####....     12%         3    N/A
 Dazzling Spray           Conj/Hex       ##....       43%         3    N/A

Dungeon Overview and Level Annotations

Branches:
Dungeon (4/15)
 Temple: D:4-7

Altars:
Vehumet
Wu Jian
Yredelemnul


Innate Abilities, Weirdness & Mutations

You do not eat.
Your natural rate of healing is unusually fast.
You have razor-sharp teeth.
You have supernaturally acute eyesight. (SInv)
You can survive without breathing.


Message History

You hit the ogre but do no damage.
The ogre is moderately wounded.
The ogre seems less confused.
The ogre struggles against the net.
You hit the ogre.
The ogre is moderately wounded.
The ogre struggles against the net.
Your ring mail prevents you from hitting the ogre.
The ogre is moderately wounded.
You hit the ogre but do no damage.
The ogre is moderately wounded.
The ogre struggles against the net.
The net rips apart, and the ogre comes free!
You hit the ogre. You bite the ogre.
The ogre is heavily wounded.
The ogre hits you but does no damage.
You hit the ogre.
The ogre is severely wounded.
The ogre hits you with a +0 giant club!!
Ouch! That really hurt!
You die...

#############
##.....#.....## ######
##<............## .....##
#...............# ......##
#..............$####
.......#
#...................
.......#
#...............####..
<......#
#.......)............#
.......#
##..O@.(.......######
.......######..............#
.......<....)(.######......#
.......######.## #...##...#
.......#......# #(########
.......#.###### #..
.>(....#.# #. .......#.# ..
.........# ..


You could see an ogre.

Vanquished Creatures
  An iguana (D:4)
  2 orc wizards
  5 adders
  4 worms
  A leopard gecko (D:1)
  8 orcs
  4 giant cockroaches (D:3)
  5 goblins
  7 hobgoblins
  5 jackals (D:1)
  4 kobolds
  2 quokkas
  A ball python (D:3)
  10 bats
  4 frilled lizards
  6 rats
69 creatures vanquished.

Vanquished Creatures (others)
  An adder (D:2)
  A worm (D:2)
  A dart slug (D:2)
3 creatures vanquished.

Grand Total: 72 creatures vanquished

Notes
Turn   | Place    | Note
-------+----------+-------------------------------------------
     0 | D:1      | MrRokkomies the Vampire Enchanter began the quest for the
                  | Orb.
     0 | D:1      | Reached XP level 1. HP: 13/13 MP: 3/3
   184 | D:1      | Reached XP level 2. HP: 16/19 MP: 5/5
   188 | D:1      | Learned a level 2 spell: Ensorcelled Hibernation
   384 | D:1      | Reached skill level 5 in Hexes
   755 | D:1      | Reached XP level 3. HP: 24/24 MP: 6/6
   946 | D:2      | Found a basalt altar of Yredelemnul.
   947 | D:2      | Found an ornate altar of the Wu Jian Council.
   970 | D:2      | Reached skill level 5 in Stealth
  1055 | D:2      | Learned a level 3 spell: Confuse
  1265 | D:2      | Found a radiant altar of Vehumet.
  1737 | D:3      | Reached XP level 4. HP: 30/30 MP: 2/7
  1936 | D:3      | Reached skill level 6 in Hexes
  2447 | D:3      | Reached XP level 5. HP: 27/35 MP: 5/8
  2693 | D:4      | Noticed an ogre
  2803 | D:4      | Demolished by an ogre

Levels and vault maps discovered:
D:1:      minmay_arrival_diagonal_passages, layout_basic,
          minmay_indecisive_spiral
D:2:      layout_basic, grunt_temple_overflow_open, fiery_altar_vehumet
D:3:      layout_basic, corner_web_ring, minivault_14
D:4:      layout_rooms, minmay_temple_entry_fiery, uniq_ijyb

Skill      XL: |  1  2  3  4 |
---------------+-------------+-----
Short Blades   | 2 3 |  3.8
Hexes          | 5 6 |  6.7
Stealth        | 5 |  5.8
Dodging        | |  2.1
Spellcasting   | |  2.0

Action                   |  1- 3 |  4- 6 || total
-------------------------+-------+-------++-------
Melee: Dagger            |   133 |   105 ||   238
       Bite              |     9 |     7 ||    16
Throw: Throwing net      |       |     1 ||     1
 Cast: Ensorcelled Hiber |    12 |    17 ||    29
       Confuse           |     1 |     5 ||     6
  Use: Scroll            |     3 |       ||     3
 Stab: Sleeping          |    15 |    13 ||    28
Armor: Robe              |    28 |       ||    28
       Ring mail         |     7 |    38 ||    45
Dodge: Dodged            |    84 |    39 ||   123

Table legend:
 A = Non-vault XP
 B = Vault XP
 C = Vault XP percentage of total XP
 D = Non-vault monster count
 E = Vault monster count
 F = Vault count percentage of total count
                 A         B        C        D         E       F
            +---------+---------+-------+---------+---------+-------
      Total |     284 |       7 |   2.4 |      65 |       4 |   5.8
            +---------+---------+-------+---------+---------+-------
        D:1 |      36 |       7 |  16.3 |      21 |       4 |  16.0
        D:2 |      31 |       0 |   0.0 |      10 |       0 |   0.0
        D:3 |     128 |       0 |   0.0 |      25 |       0 |   0.0
        D:4 |      89 |       0 |   0.0 |       9 |       0 |   0.0
            +---------+---------+-------+---------+---------+-------
